AoeStats
← Surreal

Nomad

508647324Analyzed
2v2 RM · 7d ago on Sep 23, 2026· 50m 42s· 4 players
Game mode
Random Map
Map size
176×176
Population
200
Speed
Normal
Resources
Standard
Victory
Conquest
Starting age
Dark Age
Ending age
Imperial Age
RankedLock teamsTeams togetherTeam positionsShared explorationLock speedFull tech treeHidden civsTurbo modeCheats
Victory
Defeat
🇹🇷 Bohemians · Türkiye
1001
+15
🇧🇷 Vikings · Brazil
972
+16
🇪🇸 Teutons · Spain
977
-16
🇸🇪 Franks · Sweden
974
-15
ramadan.paro
13:08 Loom
15:51 Feudal Age
20:02 Double-Bit Axe
24:04 Castle Age
24:27 Gold Mining
24:28 Stone Mining
25:28 Crossbowman
27:50 Man-at-Arms
30:49 Squires
31:04 Fletching
31:15 Padded Archer Armor
32:45 Forging
32:36 Scale Mail Armor
33:58 Fishing Lines
39:51 Gillnets
43:18 Imperial Age
43:05 Bodkin Arrow
43:42 Masonry
44:49 Iron Casting
44:35 Horse Collar
47:24 Ballistics
49:01 Chemistry
48:25 Bow Saw
48:19 Heavy Plow
50:25 Squires
50:14 Arbalester
cc
3:06 Loom
14:08 Feudal Age
14:40 Double-Bit Axe
14:47 Fishing Lines
19:42 Castle Age
20:47 Bow Saw
20:58 Husbandry
24:01 Fletching
24:11 Horse Collar
25:16 Gillnets
25:41 Medium Warships
24:52 Demolition Ship
26:50 Murder Holes
28:16 Pikeman
28:56 Squires
30:10 Wheelbarrow
31:34 Wagenburg Tactics
32:34 Hand Cart
36:42 Chemistry
36:04 Ballistics
38:19 Bodkin Arrow
42:50 Imperial Age
44:25 Bracer
44:27 Scale Mail Armor
45:39 Two-Man Saw
45:20 Padded Archer Armor
45:48 Houfnice
48:17 Bombard Tower
48:10 Masonry
48:23 Conscription
48:18 Fervor
48:30 Sanctity
50:10 Elite Hussite Wagon
Surreal
4:06 Loom
15:06 Feudal Age
16:58 Town Watch
18:12 Wheelbarrow
25:06 Castle Age
27:15 Husbandry
30:42 Scale Barding Armor
30:48 Forging
44:57 Gold Mining
48:03 Imperial Age
47:41 Padded Archer Armor
47:31 Fletching
47:09 Elite Skirmisher
Cruzza
14:27 Feudal Age
14:33 Man-at-Arms
15:05 Double-Bit Axe
17:05 Loom
18:06 Horse Collar
21:15 Forging
24:15 Scale Mail Armor
28:00 Wheelbarrow
30:14 Castle Age
32:17 Wheelbarrow
37:50 Scale Barding Armor
38:51 Wheelbarrow
41:54 Bow Saw
42:52 Redemption
43:22 Hand Cart
43:32 Town Watch
45:07 Sanctity
44:58 Fervor
51:52 Imperial Age
Connection lost

Rejoining the realm…

Still unreachable

The connection could not be restored.

Session expired

The server has moved on; the page needs a fresh start.